 Dungeon Crawl Stone Soup version 0.30-a0-458-g86641cc369 (webtiles) character file.

Game seed: 14473940126635691920

756 cforsyth the Ruffian (level 7, -2/70 HPs)
             Began as a Troll Fighter on Dec 14, 2022.
             Slain by a water moccasin (4 damage)
             ... on level 5 of the Dungeon.
             The game lasted 00:04:24 (3325 turns).

cforsyth the Ruffian (Troll Fighter)                Turns: 3325, Time: 00:04:25

Health: -2/70      AC:  4    Str: 25    XL:     7   Next: 50%
Magic:  6/6        EV:  8    Int:  6    God:
Gold:   244        SH:  8    Dex:  9    Spells: 6/6 levels left

rFire   . . .      SeeInvis .      - Unarmed
rCold   . . .      Faith    .    b - +0 kite shield
rNeg    . . .      Spirit   .    a - +0 robe
rPois   .          Reflect  .    (helmet restricted)
rElec   .          Harm     .    (no cloak)
rCorr   .          Rampage  .    (gloves unavailable)
Will    .....                    (boots unavailable)
Stlth   +.........               (no amulet)
HPRegen 1.11/turn                (no ring)
MPRegen 0.10/turn                (no ring)

@: lethally poisoned (-2 -> -3), studying Axes
A: large, unfitting armour, claws 3, regeneration 1, shaggy fur 1, tough skin 1
a: no special abilities


You were on level 5 of the Dungeon.
You visited 1 branch of the dungeon, and saw 6 of its levels.

You collected 244 gold pieces.

Inventory:

Missiles
 n - 4 throwing nets (quivered)
Armour
 a - a +0 robe (worn)
 b - a +0 kite shield (worn)
Jewellery
 l - a ring of see invisible
 t - a ring of wizardry
Wands
 x - a wand of paralysis (12)
Scrolls
 e - 4 scrolls of teleportation {unknown}
 g - 2 scrolls of enchant armour {unknown}
 h - 5 scrolls of identify {unknown}
 p - a scroll of noise {unknown}
 q - a scroll of enchant weapon {unknown}
 s - 2 scrolls of magic mapping {unknown}
 u - 4 scrolls of poison {unknown}
 v - a scroll of fog {unknown}
Potions
 c - 2 potions of might
 d - 4 potions of curing {unknown}
 f - 2 potions of attraction {unknown}
 i - 4 potions of heal wounds {unknown}
 j - 2 potions of haste {unknown}
 k - a potion of cancellation {unknown}
 m - a potion of flight {unknown}
 o - 5 potions of ambrosia {unknown}
 r - a potion of berserk rage {unknown}
 w - a potion of resistance {unknown}
 z - a potion of brilliance {unknown}
 A - 2 potions of lignification {unknown}


   Skills:
 + Level 4.2 Fighting
 - Level 2.6 Dodging
 + Level 4.6 Shields
 * Level 6.0 Unarmed Combat


You had 6 spell levels left.
You didn't know any spells.
Your spell library contained the following spells:

 Spells                   Type           Power      Damage    Failure   Level
 Chain Lightning          Conj/Air       0%         N/A       100%        9
 Fire Storm               Conj/Fire      0%         5d1       100%        9
 Shatter                  Erth           0%         3d5*      100%        9


Dungeon Overview and Level Annotations

Branches:
Dungeon (6/15)
 Temple: D:4-7

Altars:
Elyvilon


Innate Abilities, Weirdness & Mutations

You are too large for most types of armour.
You have claws for hands.
Your natural rate of healing is unusually fast.
You are covered in fur. (AC +1)
You have tough skin. (AC +1)


Message History

The water moccasin bites you.
* * * LOW HITPOINT WARNING * * *
The water moccasin bites you.
* * * LOW HITPOINT WARNING * * *
You closely miss the water moccasin.
The water moccasin is moderately wounded.
* * * LOW HITPOINT WARNING * * *
You feel very sick. You block the water moccasin's attack.
You barely miss the water moccasin.
The water moccasin is moderately wounded.
* * * LOW HITPOINT WARNING * * *
You feel very sick. The water moccasin barely misses you.
You miss the water moccasin.
The water moccasin is moderately wounded.
* * * LOW HITPOINT WARNING * * *
You feel sick.
The water moccasin completely misses you.
The water moccasin barely misses you.
Unknown command.
Unknown command.
Aiming: Paralyse
Press: ? - help, Shift-Dir - straight line, f - water moccasin
Aim: a water moccasin (moderately wounded, chance to affect: 49%)
The water moccasin resists with some effort.
* * * LOW HITPOINT WARNING * * *
You feel sick. You block the water moccasin's attack.
Attack: -) Claws
Press: ? - help, Dir - move target, f/p - water moccasin
Aim: a water moccasin (moderately wounded, about 54% to evade your claws)
Okay, then.
Attack: -) Claws
Press: ? - help, Dir - move target, f/p - water moccasin
Aim: a water moccasin (moderately wounded, about 54% to evade your claws)
You closely miss the water moccasin.
The water moccasin is moderately wounded.
* * * LOW HITPOINT WARNING * * *
You feel sick. The water moccasin bites you.
You die...

........#......................
........###########.##.........
........# ......#.##.........
........# #.#.#.#.##.........
........# #.#.#.#.##.........
#.#####.# #.#.#.#.##.........
#.#.#.#.##.........
#####S#.#.#'###########
#.....@............#
#.....#.##.........#
#.....$............#
#.#####.#..........# #
...#..........#
#####..........# ..#+########
###


You could see a water moccasin.

Vanquished Creatures
  Grinder (D:3)
  Menkaure (D:5)
  An ogre (D:4)
  A phantom (D:4)
  2 scorpions (D:4)
  A gnoll bouda (D:6)
  6 gnolls
  An ufetubus (D:5)
  2 worms
  A dart slug (D:2)
  2 orcs (D:3)
  7 ball pythons
  4 bats
  4 endoplasms
  2 giant cockroaches
  4 goblins
  7 hobgoblins
  8 kobolds
  3 quokkas
  4 frilled lizards
  A rat (D:3)
63 creatures vanquished.

Notes
Turn   | Place    | Note
-------+----------+-------------------------------------------
     0 | D:1      | cforsyth the Troll Fighter began the quest for the Orb.
     0 | D:1      | Reached XP level 1. HP: 22/22 MP: 0/0
   235 | D:1      | Found a faded altar of an unknown god.
   265 | D:1      | Reached XP level 2. HP: 29/29 MP: 1/1
   508 | D:1      | Reached XP level 3. HP: 31/36 MP: 2/2
   950 | D:2      | You fall into a shaft and drop 1 floor!
  1065 | D:3      | Noticed Grinder
  1068 | D:3      | Paralysed by Grinder for 2 turns
  1080 | D:3      | Killed Grinder
  1081 | D:3      | Reached skill level 4 in Unarmed Combat
  1081 | D:3      | Reached XP level 4. HP: 26/45 MP: 3/3
  1081 | D:3      | Reached XP level 5. HP: 30/53 MP: 4/4
  1590 | D:2      | Reached XP level 6. HP: 61/61 MP: 5/5
  1985 | D:3      | Found a white marble altar of Elyvilon.
  2515 | D:4      | Reached skill level 5 in Unarmed Combat
  2528 | D:4      | Reached XP level 7. HP: 47/68 MP: 6/6
  2597 | D:4      | Identified the +0 ring mail "Kittim" {rC++ Str+2}
  2686 | D:5      | Entered Level 5 of the Dungeon
  2749 | D:5      | Noticed Menkaure
  2758 | D:5      | Killed Menkaure
  3059 | D:6      | Reached skill level 6 in Unarmed Combat
  3324 | D:5      | HP: 3/70 [poisoned by a water moccasin]
  3325 | D:5      | Slain by a water moccasin

Illustrated notes

Levels and vault maps discovered:
D:1:      scummos_arrival_checkerplants, layout_loops_corners,
          ebering_ecumenical_altar_rust
D:2:      layout_loops_ring, minmay_domino_2
D:3:      layout_loops_ring, nicolae_overflow_hidden_temple,
          kennysheep_generic_room_8, uniq_grinder
D:4:      layout_rooms, kennysheep_pointless_box, minmay_misc_feat_four_crosses,
          hex_medium
D:5:      layout_basic, uniq_menkaure
D:6:      layout_loops_ring, okawaru_ov_weapons_minmay,
          nicolae_wu_jian_immortal_techniques, minmay_temple_entry_stoned_glass,
          serial_co_window_serial, co_window_paths_a, co_window_paths_a,
          co_window_paths_a, co_window_paths_a, co_window_paths_a,
          co_window_2corner, co_window_broadway_a, co_window_2corner,
          co_window_corner_ca, glass_columns_a, glass_columns_a,
          ebering_ghost_reflecting_pool

Skill      XL: |  1  2  3  4  5  6  7 |
---------------+----------------------+-----
Shields        | 3 4 |  4.6
Fighting       | 3 4 |  4.2
Unarmed Combat | 4 5 6 |  6.0
Dodging        | |  2.6

Action                   |  1- 3 |  4- 6 |  7- 9 || total
-------------------------+-------+-------+-------++-------
Melee: Unarmed           |    81 |    64 |    63 ||   208
Evoke: Wand              |       |       |     1 ||     1
 Stab: Sleeping          |     2 |       |       ||     2
Armor: Robe              |    17 |    10 |     5 ||    32
Dodge: Dodged            |    21 |    14 |    27 ||    62
Block: Kite shield       |    24 |    17 |    30 ||    71

Table legend: (Time is in decaauts)
 A = Elapsed time spent in this place.
 B = Non-inter-level travel time spent in this place.
 C = Inter-level travel time spent in this place.
 D = Time resting spent in this place.
 E = Time spent auto-exploring this place.
 F = Levels seen in this place.
 G = Mean time per level.
                   A        B        C        D        E       F      G
               +--------+--------+--------+--------+--------+-----+--------+
         Total |   3338 |   3163 |    175 |     36 |   2618 |   6 |  556.3 |
       Dungeon |   3338 |   3163 |    175 |     36 |   2618 |   6 |  556.3 |
               +--------+--------+--------+--------+--------+-----+--------+

Top non-repeatable levels by time:
     D:1: 840 daAuts
     D:3: 693 daAuts
     D:2: 603 daAuts
     D:5: 571 daAuts
     D:4: 558 daAuts
     D:6: 71 daAuts
